 Dungeon Crawl Stone Soup version 0.22.1-2-g9c5b331383 (webtiles) character file.

170196 Knicklaso the Fighter (level 17, -6/135 HPs)
             Began as a Demonspawn Wizard on Nov 25, 2018.
             Was a High Priest of Sif Muna.
             Killed by the raging water
             ... invoked by a water nymph
              (28 damage)
             ... on level 4 of the Shoals on Nov 26, 2018.
             The game lasted 05:17:18 (62970 turns).

Knicklaso the Fighter (Demonspawn Wizard)          Turns: 62970, Time: 05:17:19

Health: -6/135     AC: 19    Str:  8    XL:     17   Next: 12%
Magic:  40/40      EV: 21    Int: 29    God:    Sif Muna [*****.]
Gold:   2416       SH: 10    Dex: 13    Spells: 12/37 levels left

rFire    . . .     SeeInvis .   p - staff of wizardry
rCold    + + .     Gourm    .   H - +2 buckler of Failure {Int+4}
rNeg     . . .     Faith    .   U - +2 robe {rC+}
rPois    +         Spirit   .   b - +0 hat
rElec    .         Reflect  +   A - +2 cloak {MR+}
rCorr    .         Harm     .   u - +0 pair of gloves
MR       ++...                  Z - +0 pair of boots
Stlth    +.........             x - +2 amulet of reflection
HPRegen  0.32/turn              S - ring of magical power
MPRegen  0.27/turn              Q - ring of poison resistance

@: hasted, quick
A: antennae 2, repulsion field 1, cold resistance 1, icemail, powered by pain 3,
augmentation 1, freezing cloud immunity
}: 1/15 runes: serpentine
a: Divine Energy, Channel Magic, Forget Spell, Renounce Religion


You were on level 4 of the Shoals.
You worshipped Sif Muna.
Sif Muna was extremely pleased with you.
You were not hungry.

You visited 6 branches of the dungeon, and saw 32 of its levels.

You collected 3358 gold pieces.
You spent 942 gold pieces at shops.

Inventory:

Armour
 b - a +0 hat (worn)
 u - a +0 pair of gloves (worn)
 y - a scarf of repulsion
 A - a +2 cloak of magic resistance (worn)
 H - the +2 buckler of Failure (worn) {Int+4}
   (You found it on level 4 of the Snake Pit)

   It affects your intelligence (+4).
 R - a +0 shield of reflection
 U - a +2 robe of cold resistance (worn)
 Z - a +0 pair of boots (worn)
Magical Staves
 p - an uncursed staff of wizardry (weapon)
Jewellery
 h - an uncursed ring of protection from fire
 x - a +2 amulet of reflection (around neck)
 B - an uncursed ring of protection from cold
 F - an uncursed ring of see invisible
 L - a +4 ring of intelligence {unknown}
 M - a cursed ring of attention {unknown}
 P - an uncursed amulet of faith {unknown}
 Q - a ring of poison resistance (right hand)
 S - a ring of magical power (left hand)
Wands
 e - a wand of digging (12)
 l - a wand of random effects (44)
 r - a wand of acid (33)
 C - a wand of iceblast (8)
 I - a wand of scattershot (10)
Scrolls
 a - a scroll of torment
 g - a scroll of amnesia
 i - 2 scrolls of magic mapping
 k - 6 scrolls of enchant weapon
 m - 25 scrolls of remove curse
 n - 21 scrolls of identify
 s - 6 scrolls of fog
 v - 12 scrolls of teleportation
 J - a scroll of acquirement
 N - 3 scrolls of enchant armour
 W - 4 scrolls of summoning
Potions
 c - 3 potions of magic
 f - 4 potions of cancellation
 j - 7 potions of flight
 q - 3 potions of curing
 t - a potion of ambrosia
 w - 3 potions of invisibility
 z - 7 potions of brilliance
 D - a potion of haste
 E - 4 potions of mutation
 K - 5 potions of agility
 O - 2 potions of might
 X - a potion of resistance
Miscellaneous
 T - a crystal ball of energy
 V - a fan of gales
 Y - a lamp of fire
Comestibles
 d - 28 rations


   Skills:
 + Level 12.9 Fighting
 + Level 11.9 Dodging
 - Level 1.7 Stealth
 - Level 9.7 Shields
 + Level 10.7 Spellcasting
 * Level 9.7 Conjurations
 - Level 3.1 Hexes
 - Level 9.0 Summonings
 - Level 2.0 Translocations
 - Level 2.0 Fire Magic
 * Level 11.3 Air Magic
 - Level 6.0 Poison Magic
 - Level 9.0 Invocations
 - Level 6.0 Evocations


You had 12 spell levels left.
You knew the following spells:

 Your Spells              Type           Power        Failure   Level  Hunger
a - Magic Dart            Conj           ####         1%          1    None
b - Lightning Bolt        Conj/Air       ######....   1%          5    ###....
c - Poisonous Vapours     Pois/Air       ######       1%          2    None
d - Mephitic Cloud        Conj/Pois/Air  ######..     1%          3    None
e - Summon Lightning Spi  Summ/Air       ######..     1%          4    None
f - Conjure Flame         Conj/Fire      #####...     1%          3    None
g - Summon Mana Viper     Hex/Summ       ######..     3%          5    ###....
h - Blink                 Tloc           N/A          1%          2    None

Your spell library contained the following spells:

 Spells                   Type           Power        Failure   Level  Hunger
 Confusing Touch          Hex            ####..       1%          1    None
 Corona                   Hex            ####...      1%          1    None
 Flame Tongue             Conj/Fire      #####        1%          1    None
 Freeze                   Ice            ###.         1%          1    None
 Shock                    Conj/Air       ####         1%          1    None
 Sting                    Conj/Pois      ####         1%          1    None
 Call Imp                 Summ           ######..     1%          2    None
 Ensorcelled Hibernation  Hex/Ice        ###...       1%          2    None
 Searing Ray              Conj           ######       1%          2    None
 Slow                     Hex            ####....     1%          2    None
 Throw Flame              Conj/Fire      #####.       1%          2    None
 Throw Frost              Conj/Ice       #####.       1%          2    None
 Confuse                  Hex            ####....     1%          3    None
 Dazzling Spray           Conj/Hex       ######       1%          3    None
 Ignite Poison            Fire/Tmut/Pois ####....     1%          3    None
 Lesser Beckoning         Tloc           ####......   1%          3    None
 Static Discharge         Conj/Air       ######..     1%          3    None
 Stone Arrow              Conj/Erth      #####.       1%          3    None
 Tukima's Dance           Hex            ####....     1%          3    None
 Force Lance              Conj/Tloc      #####...     1%          4    None
 Fulminant Prism          Conj/Hex       ######....   1%          4    None
 Throw Icicle             Conj/Ice       #####...     1%          4    None
 Sticks to Snakes         Tmut           ###.....     2%          2    None
 Summon Ice Beast         Ice/Summ       #####...     2%          4    None
 Ozocubu's Armour         Chrm/Ice       ###.....     4%          3    None
 Regeneration             Chrm/Necr      ###.......   4%          3    None
 Summon Forest            Summ/Tloc      #####.....   4%          5    ###....
 Irradiate                Conj/Tmut      #####.....   5%          5    ###....
 Iskenderun's Battlesphe  Conj/Chrm      #####...     5%          5    ###....
 Freezing Cloud           Conj/Ice/Air   ######....   12%         6    #####..
 Ice Form                 Ice/Tmut       ###.....     14%         4    None
 Petrify                  Tmut/Erth      ###.....     14%         4    None
 Deflect Missiles         Chrm/Air       #####.....   21%         6    #####..
 Bolt of Cold             Conj/Ice       #####.....   28%         6    #####..
 Iron Shot                Conj/Erth      #####.....   28%         6    #####..
 Monstrous Menagerie      Summ           ######....   28%         7    ######.
 Summon Greater Demon     Summ           ######....   28%         7    ######.
 Malign Gateway           Summ/Tloc      #####.....   73%         7    ######.
 Chain Lightning          Conj/Air       ######....   73%         8    #######
 Simulacrum               Ice/Necr       ###.......   88%         6    #####..
 Summon Horrible Things   Summ           ######....   89%         8    #######
 Dragon Form              Tmut           ###.......   100%        7    ######.
 Controlled Blink         Tloc           N/A          100%        8    #######
 Discord                  Hex            ####......   100%        8    #######
 Fire Storm               Conj/Fire      #####.....   100%        9    #######
 Tornado                  Air            ######....   100%        9    #######


Dungeon Overview and Level Annotations

Branches:
Dungeon (15/15)            Temple (1/1) D:4            Lair (6/6) D:10
 Shoals (4/4) Lair:4        Snake (4/4) Lair:3        Slime (0/5) Lair:5
    Orc (2/2) D:9             Elf (0/3) Orc:2        Vaults (0/5) D:14
 Depths (0/5) D:15

Altars:
Ashenzari
Cheibriados
Dithmenos
Elyvilon
Fedhas
Gozag
Hepliaklqana
Kikubaaqudgha
Makhleb
Nemelex Xobeh
Okawaru
Qazlal
Ru
Sif Muna
Trog
Uskayaw
Vehumet
Wu Jian
Xom
Yredelemnul
Zin
The Shining One
Beogh
Jiyva

Shops:
D:4 ?   D:9 !   D:10 (   Orc:2 ![(?   Shoals:1 :   Snake:1 }

Annotations:
D:3 2 transporters, abdbla's ghost, amateur GrFi
Lair:3 2 transporters, Cykl0x's ghost, journeyman HOFi
Lair:5 1 runed door
Snake:1 exclusion: downstairs
Snake:2 exclusion: upstairs
Snake:4 exclusion: Roxanne, Roxanne


Innate Abilities, Weirdness & Mutations

You have a pair of antennae on your head.
You are surrounded by a mild repulsion field. (EV +2)
Your flesh is cold resistant. (rC+)
A meltable icy envelope protects you from harm. (AC +10)
You are powered by pain.
Your magical and physical power is slightly enhanced at high health.
You are immune to freezing clouds.


Message History

* * * LOW HITPOINT WARNING * * *
You block the alligator snapping turtle's attack.
The water nymph points at you and mumbles some strange words.
The water swirls and strikes you!
* * * LOW HITPOINT WARNING * * *
Okay, then.
You feel much better. The merfolk hits you with a trident!
* * * LOW HITPOINT WARNING * * *
The alligator snapping turtle barely misses you.
The water nymph points at you and mumbles some strange words.
The water swirls and strikes you!
* * * LOW HITPOINT WARNING * * *
You feel yourself speed up.
The merfolk hits you but does no damage.
The satyr plays a frightful melody on his pipes!
The satyr radiates an aura of fear!
You resist with some effort.
The alligator snapping turtle barely misses you.
The water nymph gestures at you while chanting.
The water swirls and strikes you!
You die...

≈≈≈≈ ≈≈≈≈≈≈≈≈≈≈≈≈≈≈≈ ≈≈≈≈
≈≈≈≈≈≈≈≈≈≈≈≈≈≈≈≈≈ ≈≈≈≈
≈P≈≈≈≈P≈≈≈≈≈≈≈≈≈≈ ≈≈≈≈
≈≈≈≈≈≈≈P≈≈≈≈≈≈≈≈≈≈≈≈≈≈≈≈
.≈≈≈≈≈≈≈≈≈≈≈≈≈≈≈≈≈≈≈≈≈≈≈
...P≈≈PPP≈≈≈≈≈≈≈≈≈≈≈≈≈≈≈≈
≈≈≈≈≈P≈≈≈m≈≈≈≈≈≈≈≈≈≈≈≈≈≈≈
P.P≈≈≈≈≈≈@P(≈≈≈≈≈≈≈≈≈≈≈≈≈≈
P.≈≈≈≈≈≈≈P≈tc≈≈≈≈≈≈≈≈≈≈≈≈≈
P.P≈≈≈≈≈PPP≈≈≈≈≈≈≈≈≈≈≈≈≈≈≈
#.≈P≈≈≈P≈PP≈≈≈m≈§≈≈≈≈≈≈≈≈≈≈
#≈≈≈≈≈≈≈≈PP≈≈##≈##≈≈≈≈≈≈≈≈≈
##≈≈P≈≈≈≈≈≈≈≈##
≈)##≈≈≈≈≈≈≈≈
##≈≈.≈≈≈≈≈≈≈≈≈#
.≈≈#≈≈≈≈≈≈≈≈
.....≈≈≈≈≈..≈≈#
m..#≈≈≈≈≈≈≈≈ ............≈#
≈c.#≈≈≈≈≈≈≈≈


You could see an alligator snapping turtle, a satyr, a merfolk and a water
nymph.

Vanquished Creatures
  Rupert (Orc:2)
  A nagaraja (Snake:4)
  A frost giant (D:15)
  A stone giant (Orc:1)
  The ghost of Utups the Severer, a journeyman MiGl of Okawaru (Snake:1)
  A dire elephant (Lair:6)
  Nessos (Orc:2)
  A merfolk impaler (Shoals:1)
  2 naga warriors
  Harold (D:7)
  A vault guard (D:14)
  An alligator snapping turtle (Shoals:1)
  4 hydras
  2 centaur warriors
  5 anacondas
  A satyr (Shoals:3)
  2 two-headed ogres
  2 death yaks (Lair:6)
  A tengu warrior (D:15)
  2 orc high priests
  3 shock serpents
  7 naga sharpshooters
  2 salamander mystics
  A sea snake (Lair:4)
  3 naga ritualists
  4 harpies
  Pikel (D:4)
  A deep elf mage (D:14)
  A faun (Shoals:1)
  3 orc sorcerers
  5 mana vipers
  A wolf spider (D:14)
  3 cyclopes
  4 salamanders
  8 ugly things
  An oklob plant (Lair:5)
  A merfolk siren (Shoals:3)
  5 manticores
  19 black mambas
  A water nymph (Shoals:1)
  5 naga magi
  A guardian serpent (Snake:2)
  2 elephants (Lair:6)
  3 centaur skeletons
  A torpor snail (shapeshifter) (D:14)
  2 torpor snails
  11 spiny frogs
  2 efreet (D:14)
  A kobold demonologist (D:14)
  3 yaktaurs (D:15)
  6 komodo dragons
  4 ice devils
  4 merfolk
  2 trolls
  3 meliai
  2 polar bears
  2 wind drakes (Shoals:1)
  3 slime creatures
  6 blink frogs
  8 hippogriffs
  3 dream sheep
  A ynoxinul (D:14)
  A vampire (D:11)
  2 wyverns
  35 yaks
  3 hungry ghosts
  11 vampire mosquitoes
  12 nagas
  3 water moccasins
  3 porcupines
  2 soldier ants
  25 orc warriors
  5 sky beasts
  4 black bears
  4 ice beasts
  An eye of draining (D:14)
  4 phantoms
  A boggart (D:14)
  A slave (D:5)
  10 ogres
  8 crocodiles
  17 wolves
  17 centaurs
  3 big kobolds
  2 gnoll sergeants
  12 bullfrogs
  7 scorpions
  10 killer bees (D:10)
  3 howler monkeys
  An electric eel (Lair:5)
  2 bullfrog zombies
  2 crimson imps
  3 centaur zombies
  A quasit (D:8)
  4 jellies
  7 hounds
  Crazy Yiuf (D:5)
  A gnoll shaman (D:8)
  24 orc priests
  A bullfrog skeleton (D:11)
  6 iguanas
  33 orc wizards
  11 worker ants
  A howler monkey skeleton (D:6)
  10 adders
  14 gnolls
  3 shadow imps
  An ooze (D:3)
  2 adder zombies
  An adder skeleton (D:7)
  3 worms
  4 dart slugs
  8 leopard geckos
  118 orcs
  9 bats
  6 giant cockroaches
  2 gnoll zombies (D:4)
  6 goblins
  9 hobgoblins
  4 jackals
  18 kobolds
  9 quokkas
  A ball python (D:1)
  6 frilled lizards
  2 quokka skeletons
  A quokka zombie (D:6)
  10 rats
732 creatures vanquished.

Vanquished Creatures (collateral kills)
  Vashnia (Snake:4)
  Donald (Orc:2)
  6 nagarajas
  Louise (Snake:4)
  An orc warlord (Orc:2)
  3 merfolk javelineers
  A fire dragon (Lair:6)
  4 merfolk impalers
  8 naga warriors
  3 vault guards (D:14)
  7 hydras
  2 anacondas
  A centaur warrior (D:13)
  5 alligator snapping turtles
  2 two-headed ogres
  A catoblepas (Lair:6)
  A merfolk avatar (Shoals:1)
  A satyr (Shoals:2)
  A death yak (Lair:6)
  Urug (Lair:4)
  13 naga sharpshooters
  A salamander mystic (Snake:4)
  6 sea snakes
  A swamp dragon (Lair:6)
  2 naga ritualists
  9 harpies
  7 mana vipers
  2 orc knights
  A lindwurm (Lair:5)
  2 ugly things
  2 deep elf magi
  11 fauns
  3 oklob plants (Lair:5)
  An orc sorcerer (Orc:2)
  13 salamanders
  8 manticores
  3 guardian serpents
  4 elephants (Lair:6)
  16 black mambas
  5 merfolk sirens
  5 water nymphs
  12 naga magi
  A gargoyle (D:14)
  13 spiny frogs
  2 komodo dragons (Lair:6)
  3 yaktaurs (D:15)
  A tengu conjurer (D:15)
  17 merfolk
  3 wind drakes
  A slime creature (D:14)
  5 dream sheep
  4 blink frogs
  5 snapping turtles
  A hippogriff (Lair:6)
  6 yaks
  3 ynoxinuls (D:14)
  A wyvern (Lair:6)
  2 water elementals
  A wraith (D:11)
  A shadow (D:13)
  A basilisk (Lair:6)
  A hungry ghost (D:9)
  41 nagas
  2 steam dragons
  3 wargs
  Edmund (D:4)
  12 water moccasins
  An acid dragon (Lair:6)
  2 porcupines
  2 ice beasts
  11 orc warriors
  5 swamp drakes
  5 ogres
  3 wolves
  2 crocodiles (Lair:4)
  5 centaurs
  2 bullfrogs (Lair:2)
  A wyvern skeleton (D:10)
  A water moccasin skeleton (D:7)
  3 orc priests
  3 bullfrog skeletons
  2 centaur skeletons
  Ijyb (D:3)
  5 orc wizards
  A worker ant (D:11)
  2 adders
  A shadow imp (D:5)
  An ooze (D:5)
  2 worms
  23 orcs
  A ball python (D:2)
  A hobgoblin (Orc:1)
  3 kobolds (D:8)
  3 plants
401 creatures vanquished.

Vanquished Creatures (others)
  Erolcha (D:13)
  A naga sharpshooter (Snake:1)
  A faun (Shoals:2)
  A naga (Snake:4)
  A wolf (Lair:4)
  A crocodile (Lair:6)
  31 fungi
  24 plants
61 creatures vanquished.

Grand Total: 1194 creatures vanquished

Notes
Turn   | Place    | Note
-------+----------+-------------------------------------------
     0 | D:1      | Knicklaso the Demonspawn Wizard began the quest for the
                  | Orb.
     0 | D:1      | Reached XP level 1. HP: 13/13 MP: 4/4
   159 | D:1      | Gained mutation: Your flesh is cold resistant. (rC+)
                  | [demonic ancestry]
   159 | D:1      | Reached XP level 2. HP: 6/20 MP: 0/6
   741 | D:1      | Reached skill level 1 in Fighting
   990 | D:1      | Reached XP level 3. HP: 26/26 MP: 5/7
  1012 | D:1      | Learned a level 2 spell: Call Imp
  1016 | D:1      | Learned a level 3 spell: Mephitic Cloud
  2090 | D:2      | Found a glowing golden altar of the Shining One.
  2283 | D:2      | Gained mutation: You have a pair of small antennae on your
                  | head. [demonic ancestry]
  2283 | D:2      | Reached XP level 4. HP: 32/32 MP: 7/9
  2586 | D:3      | Found a sparkling altar of Nemelex Xobeh.
  2619 | D:3      | Noticed Ijyb
  2629 | D:3      | Killed Ijyb
  3399 | D:3      | Reached skill level 1 in Poison Magic
  3414 | D:3      | Found a transporter.
  3414 | D:3      | Noticed abdbla's ghost (amateur GrFi)
  3416 | D:3      | Found a transporter.
  3416 | D:3      | Noticed an ogre
  3460 | D:3      | Reached skill level 1 in Air Magic
  3836 | D:4      | Gained mutation: You sometimes gain a little power by
                  | taking damage. [demonic ancestry]
  3836 | D:4      | Reached XP level 5. HP: 18/38 MP: 5/10
  4353 | D:4      | Found Baetet's Magic Scroll Emporium.
  4359 | D:4      | Bought a scroll of enchant weapon for 90 gold pieces
  4359 | D:4      | Bought a scroll of fog for 24 gold pieces
  4359 | D:4      | Bought a scroll of remove curse for 36 gold pieces
  4359 | D:4      | Bought a scroll of identify for 24 gold pieces
  4359 | D:4      | Bought a scroll of teleportation for 36 gold pieces
  4942 | D:4      | Reached skill level 2 in Fighting
  5193 | D:4      | Gained mutation: You have a pair of antennae on your head.
                  | [demonic ancestry]
  5193 | D:4      | Reached XP level 6. HP: 39/44 MP: 4/11
  5350 | D:4      | Found a staircase to the Ecumenical Temple.
  5373 | Temple   | Entered the Ecumenical Temple
  5603 | Temple   | Became a worshipper of Sif Muna the Loreminder
  5974 | D:4      | Found a basalt altar of Yredelemnul.
  6130 | D:5      | Entered Level 5 of the Dungeon
  6141 | D:5      | Noticed Edmund
  6198 | D:4      | Reached XP level 7. HP: 13/51 MP: 1/13
  6436 | D:4      | Killed Edmund
  6646 | D:5      | Reached skill level 1 in Invocations
  6736 | D:5      | Found a shattered altar of Ashenzari.
  6736 | D:5      | Found a hide-covered altar of Uskayaw.
  6768 | D:5      | Noticed Pikel
  6820 | D:4      | Killed Pikel
  6820 | D:4      | Reached skill level 3 in Fighting
  7176 | D:5      | Found a runed door.
  7252 | D:5      | Reached * piety under Sif Muna
  7252 | D:5      | Reached XP level 8. HP: 58/58 MP: 9/14
  7376 | D:5      | Found a sparkling altar of Nemelex Xobeh.
  7940 | D:5      | Reached skill level 4 in Fighting
  7940 | D:5      | Reached skill level 5 in Spellcasting
  8113 | D:5      | Identified the Handbook of Conjuration and Weightlessness
  8361 | D:5      | Noticed Crazy Yiuf
  8367 | D:5      | Killed Crazy Yiuf
  8510 | D:6      | Learned a level 2 spell: Poisonous Vapours
  8513 | D:6      | Learned a level 2 spell: Blink
  8558 | D:6      | Reached skill level 1 in Translocations
  9372 | D:6      | Gained mutation: You sometimes gain power by taking damage.
                  | [demonic ancestry]
  9372 | D:6      | Reached XP level 9. HP: 35/66 MP: 17/17
  9833 | D:6      | Reached skill level 5 in Invocations
  9909 | D:6      | Reached ** piety under Sif Muna
 10484 | D:7      | Reached skill level 5 in Fighting
 10669 | D:7      | Found an ornate altar of the Wu Jian Council.
 10849 | D:7      | Noticed Harold
 10969 | D:7      | Killed Harold
 10969 | D:7      | Reached skill level 5 in Poison Magic
 11282 | D:7      | Found a radiant altar of Vehumet.
 11286 | D:7      | Found a snail-covered altar of Cheibriados.
 11287 | D:7      | Found a glowing silver altar of Zin.
 11289 | D:7      | Found an ancient bone altar of Kikubaaqudgha.
 11308 | D:7      | Found a hazy altar of Hepliaklqana.
 11309 | D:7      | Found a white marble altar of Elyvilon.
 11311 | D:7      | You fall through a shaft for 3 floors!
 11311 | D:10     | Entered Level 10 of the Dungeon
 11580 | D:9      | Gained mutation: You are immune to freezing clouds.
                  | [demonic ancestry]
 11580 | D:9      | Reached XP level 10. HP: 68/74 MP: 9/19
 11856 | D:9      | Found Folizuch's Distillery.
 11858 | D:9      | Bought a potion of brilliance for 60 gold pieces
 11858 | D:9      | Bought a potion of heal wounds for 75 gold pieces
 11858 | D:9      | Bought a potion of flight for 45 gold pieces
 11858 | D:9      | Bought a potion of mutation for 120 gold pieces
 11980 | D:9      | Reached skill level 5 in Dodging
 12158 | D:9      | Paralysed by fainting for 5 turns
 12583 | D:9      | Reached skill level 6 in Fighting
 12744 | D:9      | Found a staircase to the Orcish Mines.
 12897 | D:8      | Noticed a two-headed ogre
 12910 | D:8      | Killed a two-headed ogre
 12910 | D:8      | Reached *** piety under Sif Muna
 13177 | D:8      | Noticed a two-headed ogre
 13224 | D:8      | Killed a two-headed ogre
 13534 | D:8      | Found an opulent altar of Gozag.
 13807 | D:8      | Reached skill level 7 in Fighting
 14282 | D:7      | Found a sacrificial altar of Ru.
 14747 | D:10     | Reached skill level 1 in Evocations
 14860 | D:10     | Gained mutation: You are surrounded by a mild repulsion
                  | field. (EV +2) [demonic ancestry]
 14860 | D:10     | Reached XP level 11. HP: 84/84 MP: 13/22
 15171 | D:10     | Found Essanuph's Weapon Shop.
 15302 | D:10     | Found a staircase to the Lair.
 16314 | Lair:1   | Entered Level 1 of the Lair of Beasts
 17127 | Lair:1   | Learned a level 4 spell: Summon Lightning Spire
 18570 | Lair:1   | Noticed a four-headed hydra
 18643 | Lair:1   | Killed a four-headed hydra
 18643 | Lair:1   | Reached **** piety under Sif Muna
 18643 | Lair:1   | Reached skill level 5 in Air Magic
 20287 | Lair:2   | Reached skill level 5 in Summonings
 20450 | Lair:2   | Reached skill level 8 in Fighting
 21174 | Lair:2   | Learned a level 3 spell: Conjure Flame
 21288 | Lair:2   | Noticed a four-headed hydra
 21302 | Lair:2   | Killed a four-headed hydra
 21526 | Lair:2   | Noticed an eight-headed hydra
 21552 | Lair:2   | Killed an eight-headed hydra
 21776 | Lair:2   | Gained mutation: You are powered by pain. [demonic
                  | ancestry]
 21776 | Lair:2   | Reached XP level 12. HP: 93/93 MP: 3/24
 21909 | Lair:2   | Reached skill level 1 in Fire Magic
 22761 | Lair:3   | Found a staircase to the Snake Pit.
 22791 | Lair:3   | Found a transporter.
 23066 | Lair:3   | Noticed a four-headed hydra
 23099 | Lair:3   | Killed a four-headed hydra
 23460 | Lair:3   | Found a transporter.
 23460 | Lair:3   | Noticed Cykl0x's ghost (journeyman HOFi)
 24026 | Lair:3   | Reached skill level 5 in Conjurations
 24154 | Lair:4   | Noticed a seven-headed hydra
 24236 | Lair:3   | Killed a seven-headed hydra
 24236 | Lair:3   | Reached skill level 5 in Evocations
 24749 | Lair:4   | Noticed Urug
 25044 | Lair:4   | Reached skill level 9 in Fighting
 25637 | Lair:4   | Found a staircase to the Shoals.
 25964 | Lair:4   | Killed Urug
 26395 | Lair:4   | Noticed a six-headed hydra
 26409 | Lair:4   | Killed a six-headed hydra
 27723 | Lair:5   | Found a runed door.
 27727 | Lair:5   | Found a viscous altar of Jiyva.
 27727 | Lair:5   | Found a staircase to the Slime Pits.
 27932 | Lair:5   | Noticed a five-headed hydra
 27950 | Lair:5   | Killed a five-headed hydra
 28123 | Lair:5   | Reached skill level 1 in Shields
 28215 | Lair:5   | Reached XP level 13. HP: 93/103 MP: 17/25
 28502 | Lair:5   | Reached skill level 10 in Fighting
 28530 | Lair:5   | Got an iridescent shortbow
 28561 | Lair:5   | Identified the +5 shortbow of Checkmate {flame, rPois
                  | Str+7} (You found it on level 5 of the Lair of Beasts)
 28748 | Lair:6   | Entered Level 6 of the Lair of Beasts
 29991 | Lair:6   | Noticed a fire dragon
 30023 | Lair:6   | Killed a fire dragon
 30289 | Lair:6   | Reached ***** piety under Sif Muna
 30555 | Lair:6   | Identified Sif Muna's Volume of Arcane Weapons (Sif Muna
                  | gifted it to you on level 6 of the Lair of Beasts)
 30555 | Lair:6   | Received a gift from Sif Muna
 31116 | Lair:6   | Noticed a dire elephant
 31126 | Lair:6   | Killed a dire elephant
 32080 | Lair:6   | Got a crude rapier
 32170 | Lair:6   | Identified the +1 rapier of the Saviour {drain, rF+ Dex+2}
                  | (You found it on level 6 of the Lair of Beasts)
 33282 | D:10     | Identified a scroll of acquirement
 34435 | D:11     | Learned a level 5 spell: Lightning Bolt
 35522 | D:12     | Identified Sif Muna's Papyrus of Orientation and
                  | Bewitchment (Sif Muna gifted it to you on level 12 of the
                  | Dungeon)
 35522 | D:12     | Received a gift from Sif Muna
 35722 | D:13     | Reached skill level 10 in Dodging
 35741 | D:13     | Noticed Erolcha
 36019 | D:13     | Killed Erolcha
 36259 | D:13     | Reached skill level 11 in Fighting
 36261 | D:13     | Gained mutation: A meltable icy envelope protects you from
                  | harm. (AC +10) [demonic ancestry]
 36261 | D:13     | Reached XP level 14. HP: 112/113 MP: 21/26
 37331 | Orc:1    | Entered Level 1 of the Orcish Mines
 37331 | Orc:1    | Found a roughly hewn altar of Beogh.
 38113 | Orc:2    | Entered Level 2 of the Orcish Mines
 38324 | Orc:2    | Found a roughly hewn altar of Beogh.
 38597 | Orc:2    | Noticed Donald
 38606 | Orc:2    | Killed Donald
 39004 | Orc:2    | Noticed Nessos
 39324 | Orc:2    | Found a roughly hewn altar of Beogh.
 39347 | Orc:2    | Killed Nessos
 39450 | Orc:2    | Found a roughly hewn altar of Beogh.
 39498 | Orc:2    | Found a roughly hewn altar of Beogh.
 39499 | Orc:2    | Found Laetsec's Magic Scroll Shoppe.
 39804 | Orc:2    | Noticed an orc warlord
 39819 | Orc:2    | Killed an orc warlord
 39872 | Orc:2    | Noticed Rupert
 39876 | Orc:2    | Paralysed by Rupert for 7 turns
 39898 | Orc:2    | Killed Rupert
 39898 | Orc:2    | Reached skill level 5 in Shields
 40033 | Orc:2    | Found Cumpub's Antique Armour Boutique.
 40035 | Orc:2    | Found a roughly hewn altar of Beogh.
 40036 | Orc:2    | Found Zuedieb's Antique Weapon Shop.
 40102 | Orc:2    | Bought a scroll of summoning for 152 gold pieces
 40212 | Orc:2    | Found a staircase to the Elven Halls.
 40432 | Orc:2    | Found a roughly hewn altar of Beogh.
 40432 | Orc:2    | Found Notsy's Distillery.
 40547 | Orc:2    | Found a roughly hewn altar of Beogh.
 40689 | Orc:1    | Noticed a stone giant
 40857 | Orc:1    | Found a roughly hewn altar of Beogh.
 41325 | Orc:1    | Killed a stone giant
 41793 | D:14     | Found a basalt altar of Yredelemnul.
 41825 | D:14     | Found a gate to the Vaults.
 42895 | D:14     | Found a stormy altar of Qazlal.
 43240 | D:15     | Entered Level 15 of the Dungeon
 44566 | D:15     | Reached XP level 15. HP: 120/120 MP: 23/28
 44573 | D:15     | Reached skill level 12 in Fighting
 45579 | D:15     | Found a staircase to the Depths.
 45579 | D:15     | Noticed a frost giant
 45589 | D:15     | Killed a frost giant
 46126 | Snake:1  | Entered Level 1 of the Snake Pit
 46674 | Snake:1  | Reached skill level 10 in Spellcasting
 46742 | Snake:1  | Found Xoaziof's Gadget Emporium.
 46750 | Snake:1  | Bought a box of beasts for 280 gold pieces
 46769 | Snake:1  | Learned a level 5 spell: Summon Mana Viper
 46804 | Snake:1  | Found a runed door.
 47402 | Snake:1  | Reached skill level 1 in Hexes
 48898 | Snake:1  | Noticed Utups's ghost (journeyman MiGl)
 49195 | Snake:1  | Killed Utups's ghost
 49210 | Snake:1  | Identified the +1 scale mail of Lumaxib {rElec} (You found
                  | it on level 1 of the Snake Pit)
 49713 | Snake:2  | Identified Gudoascho's Tome of the Glacier and Ignition
                  | (Sif Muna gifted it to you on level 2 of the Snake Pit)
 49713 | Snake:2  | Received a gift from Sif Muna
 50543 | Snake:2  | Found an iron altar of Okawaru.
 51081 | Snake:3  | Noticed a nagaraja
 51093 | Snake:3  | Killed a nagaraja
 52737 | Snake:3  | Gained mutation: Your magical and physical power is
                  | slightly enhanced at high health. [demonic ancestry]
 52737 | Snake:3  | Reached XP level 16. HP: 127/127 MP: 30/30
 53399 | Snake:4  | Entered Level 4 of the Snake Pit
 53702 | Snake:4  | Noticed Vashnia
 53965 | Snake:4  | Noticed Roxanne
 54104 | Snake:4  | Got a dazzling buckler
 54105 | Snake:4  | Identified the +2 buckler of Failure {Int+4} (You found it
                  | on level 4 of the Snake Pit)
 54199 | Snake:4  | Reached skill level 10 in Air Magic
 54589 | Snake:4  | Noticed Louise
 55190 | Snake:4  | Identified Hajiul's Incunabulum of Helpful Moulding (Sif
                  | Muna gifted it to you on level 4 of the Snake Pit)
 55190 | Snake:4  | Received a gift from Sif Muna
 55230 | Snake:4  | Killed Louise
 56500 | Snake:4  | Killed Vashnia
 56939 | Snake:4  | Got a serpentine rune of Zot
 57168 | Shoals:1 | Entered Level 1 of the Shoals
 57168 | Shoals:1 | Found Zynykh's Book Emporium.
 61478 | Shoals:3 | Reached XP level 17. HP: 81/135 MP: 29/31
 61732 | Shoals:3 | Identified Sif Muna's Incunabulum of Sinister Secrets and
                  | Confrontation (Sif Muna gifted it to you on level 3 of the
                  | Shoals)
 61732 | Shoals:3 | Received a gift from Sif Muna
 62474 | Shoals:4 | Entered Level 4 of the Shoals
 62970 | Shoals:4 | Killed from afar by a water nymph

Skill      XL: |  1  2  3  4  5  6  7  8  9 10 11 12 13 14 15 16 |
---------------+-------------------------------------------------+-----
Conjurations   | 2 3 4 6 9 |  9.7
Fighting       | 1 2 3 4 5 7 8 9 11 12 | 12.9
Poison Magic   | 1 2 3 5 6 |  6.0
Air Magic      | 1 2 4 5 8 9 11 | 11.3
Spellcasting   | 4 5 6 7 8 9 10 | 10.7
Summonings     | 3 6 8 9 |  9.0
Invocations    | 2 4 6 8 9 |  9.0
Dodging        | 2 3 4 6 7 9 10 11 | 11.9
Translocations | 1 2 |  2.0
Evocations     | 1 4 6 |  6.0
Fire Magic     | 2 |  2.0
Shields        | 1 4 7 9 |  9.7
Hexes          | 3 |  3.1
Stealth        | |  1.7

Action                   |  1- 3 |  4- 6 |  7- 9 | 10-12 | 13-15 | 16-18 || total
-------------------------+-------+-------+-------+-------+-------+-------++-------
Melee: Unarmed           |    14 |       |       |       |       |       ||    14
       Short sword       |    39 |   103 |   368 |   393 |       |       ||   903
       Dagger            |     6 |       |       |       |       |       ||     6
       Staff             |       |       |       |   113 |   795 |   248 ||  1156
 Cast: Magic Dart        |    79 |    88 |   123 |   189 |   183 |    34 ||   696
       Call Imp          |     2 |    20 |    38 |    94 |    28 |       ||   182
       Mephitic Cloud    |       |     6 |    18 |    51 |    49 |     5 ||   129
       Poisonous Vapours |       |       |    33 |   258 |   393 |    40 ||   724
       Blink             |       |       |     3 |    21 |    26 |     3 ||    53
       Summon Lightning  |       |       |       |    55 |   152 |    67 ||   274
       Conjure Flame     |       |       |       |    55 |   124 |    18 ||   197
       Lightning Bolt    |       |       |       |       |   125 |    27 ||   152
       Summon Mana Viper |       |       |       |       |       |   147 ||   147
Invok: Channel Magic     |       |       |       |       |     5 |       ||     5
Evoke: Wand              |       |       |       |     2 |     2 |       ||     4
       Lamp of fire      |       |       |       |       |     1 |       ||     1
  Use: Scroll            |       |       |     4 |    13 |    13 |     7 ||    37
       Potion            |       |       |     2 |     5 |     2 |     6 ||    15
 Stab: Sleeping          |       |     3 |     2 |     1 |       |       ||     6
       Distracted        |       |     1 |     5 |     7 |    10 |     9 ||    32
       Confused          |       |       |     2 |     7 |     4 |     3 ||    16
  Eat: Chunk             |     4 |    11 |    17 |    44 |    57 |    30 ||   163
       Ration            |       |     1 |       |     5 |    14 |     6 ||    26
Armor: Robe              |    20 |    11 |    75 |    89 |   254 |   104 ||   553
       Skin              |       |       |       |     5 |       |       ||     5
Dodge: Dodged            |    68 |    63 |   261 |   667 |  1187 |   437 ||  2683
       Deflected         |       |       |       |       |    39 |    43 ||    82
Block: Buckler           |       |       |       |       |   298 |   260 ||   558
       Reflection        |       |       |       |       |    11 |    68 ||    79
